 Dungeon Crawl Stone Soup version 0.21.1-1-g345015f (webtiles) character file.

37 inc the Vexing (level 3, 0/14 HPs)
             Began as a Felid Enchanter on Mar 16, 2018.
             Was an Initiate of Dithmenos.
             Slain by a gnoll
             ... wielding a +0 spear
              (7 damage)
             ... on level 2 of the Dungeon.
             The game lasted 00:04:06 (1633 turns).

inc the Vexing (Felid Enchanter)                    Turns: 1633, Time: 00:04:07

Health: 0/14       AC:  1    Str:  4    XL:     3   Next: 21%
Magic:  7/7        EV: 18    Int: 17    God:    Dithmenos [......]
Gold:   91         SH:  0    Dex: 16    Spells: 0/6 levels left
                                        Lives:  0   Deaths: 0

rFire    . . .     SeeInvis +     - Unarmed
rCold    . . .     Gourm    .   (shield unavailable)
rNeg     . . .     Faith    .   (armour unavailable)
rPois    .         Spirit   .   (helmet unavailable)
rElec    .         Reflect  .   (cloak unavailable)
rCorr    .         Harm     .   (gloves unavailable)
MR       .....                  (boots unavailable)
Stlth    +++.......             (no amulet)
HPRegen  0.04/turn              (no ring)
MPRegen  0.10/turn              (no ring)

@: quick
A: very small, no armour, no weapons or thrown items, stealth, claws 1, fangs 3,
see invisible, carnivore, speed 1, shaggy fur 1, slow metabolism 1, sharp paws
a: Renounce Religion


You were on level 2 of the Dungeon.
You worshipped Dithmenos.
Dithmenos was noncommittal.
You were very full.

You visited 1 branch of the dungeon, and saw 2 of its levels.

You collected 91 gold pieces.

Inventory:

Scrolls
 d - 3 scrolls of teleportation {unknown}
 f - a scroll of remove curse {unknown}
 g - a scroll of noise {unknown}
Potions
 c - a potion of curing {unknown}
 e - a potion of brilliance {unknown}
 h - a potion of haste {unknown}
Books
 a - a book of Maledictions

   Spells                             Type                      Level
   a - Corona                         Hexes                        1
   b - Ensorcelled Hibernation        Hexes/Ice                    2
   c - Confuse                        Hexes                        3
   d - Tukima's Dance                 Hexes                        3
   e - Dazzling Spray                 Conjuration/Hexes            3
Comestibles
 b - 2 rations


   Skills:
 - Level 0.3 Fighting
 - Level 2.6 Dodging
 - Level 4.0 Stealth
 - Level 2.1 Unarmed Combat
 - Level 2.0 Spellcasting
 + Level 5.0 Hexes
 + Level 1.2 Ice Magic


You couldn't memorise any spells.
You knew the following spells:

 Your Spells              Type           Power        Failure   Level  Hunger
a - Corona                Hex            ###....      2%          1    #......
b - Ensorcelled Hibernat  Hex/Ice        ##....       9%          2    ###....
c - Confuse               Hex            ###.....     8%          3    ###....


Dungeon Overview and Level Annotations

Branches:
Dungeon (2/15)

Altars:
Dithmenos
Makhleb
Ru


Innate Abilities, Weirdness & Mutations

You cannot wear armour.
You are incapable of wielding weapons or throwing items.
Your paws allow you to move quietly. (Stealth)
You have sharp claws.
You have razor-sharp teeth.
You have supernaturally acute eyesight. (SInv)
You are carnivorous and can eat meat at any time.
You cover ground quickly.
You are covered in fur. (AC +1)
You have a slow metabolism.
Your sharp claws are effective at attacking unaware monsters.


Message History

The goblin looks drowsy...
The helpless goblin fails to defend itself.
You claw the goblin!
You kill the goblin!
Dithmenos accepts your kill.
You start resting.
Magic restored.
You see here a goblin corpse.
You butcher the goblin corpse.
i - a chunk of flesh Eat a chunk of flesh? (ye/n/q)
You eat the chunk of flesh.
This raw flesh tastes great.
You start resting.
HP restored.
The gnoll shouts!
The gnoll hits you with a spear!
Ouch! That really hurt!
The gnoll hits you from afar with a spear!
Ouch! That really hurt!
You die...

### ###.# ###⌠._##
#################.'...8#
................#.#⌠._##
##############....###.###########
#### #..#######......g..# ...#
#####..@.g.........###.# ##.#
#...........###.##.# #.# #.#####
#.######.#### #.##.# #.#
#.....###<# #.# #.##.# #g#
#.#.≈.≈...# #.# #.##.# #.#
#.#≈.≈.≈..# #.# #.##.# #g#
#.##...##.# #.# #.##.# #.#
#.##.≈.##.# #.# #.##.# #.#
.#.#...##.# ..# #.#


You could see a gnoll.

Vanquished Creatures
  An adder (D:2)
  2 dart slugs (D:1)
  3 giant cockroaches
  4 goblins
  4 hobgoblins (D:1)
  4 bats (D:1)
  3 frilled lizards (D:1)
  A kobold (D:1)
  2 rats (D:1)
24 creatures vanquished.

Notes
Turn   | Place    | Note
-------+----------+-------------------------------------------
     0 | D:1      | inc the Felid Enchanter began the quest for the Orb.
     0 | D:1      | Reached XP level 1. HP: 7/7 MP: 4/4
   199 | D:1      | Reached XP level 2. HP: 8/11 MP: 4/6
   203 | D:1      | Learned a level 2 spell: Ensorcelled Hibernation
  1288 | D:2      | Found a sacrificial altar of Ru.
  1335 | D:2      | Reached skill level 5 in Hexes
  1335 | D:2      | Reached skill level 1 in Ice Magic
  1335 | D:2      | Reached XP level 3. HP: 14/14 MP: 7/7
  1339 | D:2      | Found a shadowy altar of Dithmenos.
  1340 | D:2      | Found a burning altar of Makhleb.
  1345 | D:2      | Became a worshipper of Dithmenos the Shadowed
  1415 | D:2      | Learned a level 3 spell: Confuse
  1633 | D:2      | Slain by a gnoll

Skill      XL: |  1  2 |
---------------+-------+-----
Unarmed Combat | 2 |  2.1
Hexes          | 5 |  5.0
Ice Magic      | 1 |  1.2
Fighting       | |  0.3
Dodging        | |  2.6
Stealth        | |  4.0
Spellcasting   | |  2.0

Action                   || total
-------------------------++-------
Melee: Unarmed           ||    36
       Bite              ||     2
 Cast: Corona            ||     3
       Ensorcelled Hiber ||    28
 Stab: Sleeping          ||    21
  Eat: Chunk             ||    10
Armor: Skin              ||     3
Dodge: Dodged            ||    34
